Map: 여명 - 래더 (공허의 유산)

Players

harstem

  • Race: Protoss Protoss
  • Spawn Location: 7:00

Maru - Winner!

  • Race: Terran Terran
  • League: Diamond
  • Spawn Location: 1:00

Event: WESG 2016 Finals

VOD

Have the link to the VOD?

Description

Time

  • Played on: Jan. 12, 2017, 7:09 a.m.
  • Length: 9:57

All games in this series

Show
View Real Time Build Order
Export as new Build Order

harstem Protoss 

Build Orders:  

Get SALT Encoding   

  12  0:00  Probe (Chrono Boost)  
  13  0:11  Probe (Chrono Boost)  
  14  0:18  Pylon  
  14  0:22  Probe (Chrono Boost)  
  15  0:36  Probe (Chrono Boost)  
  15  0:37  Gateway  
  16  0:45  Assimilator  
  16  0:47  Probe (Chrono Boost)  
  17  0:58  Probe (Chrono Boost)  
  18  1:08  Probe (Chrono Boost)  
  19  1:19  Probe (Chrono Boost)  
  20  1:29  Assimilator, Cybernetics Core  
  20  1:30  Zealot, Probe (Chrono Boost)  
  21  1:33  Pylon  
  23  1:53  Probe (Chrono Boost)  
  24  2:06  Mothership Core (Chrono Boost)  
  24  2:07  Warp Gate  
  26  2:10  Adept  
  28  2:18  Pylon  
  27  2:24  Probe (Chrono Boost)  
  28  2:34  Probe (Chrono Boost)  
  29  2:41  Robotics Facility  
  28  2:45  Probe (Chrono Boost)  
  28  2:47  Adept  
  31  2:55  Probe (Chrono Boost)  
  32  3:06  Probe (Chrono Boost)  
  33  3:17  Nexus  
  33  3:23  Warp Prism  
  34  3:33  Gateway  
  35  3:38  Probe (Chrono Boost)  
  36  3:45  Pylon  
  36  3:51  Probe (Chrono Boost)  
  36  3:53  Pylon  
  37  4:01  Observer, Gateway  
  37  4:06  Probe (Chrono Boost)  
  39  4:13  Stalker  
  42  4:17  Probe (Chrono Boost)  
  42  4:23  Observer  
  43  4:28  Probe (Chrono Boost)  
  43  4:30  Probe (Chrono Boost)  
  45  4:32  Pylon  
  46  4:38  Probe (Chrono Boost)  
  46  4:42  Pylon  
  47  4:54  Probe (Chrono Boost)  
  47  4:57  Stalker  
  53  5:02  Probe (Chrono Boost)  
  53  5:06  Probe (Chrono Boost)  
  55  5:16  Robotics Bay  
  55  5:18  Stalker x2, Probe (Chrono Boost)  
  55  5:20  Probe (Chrono Boost)  
  54  5:30  Probe x2 (Chrono Boost)  
  54  5:33  Assimilator  
  54  5:34  Sentry  
  58  5:35  Observer  
  58  5:38  Assimilator  
  58  5:41  Probe x2 (Chrono Boost)  
  61  5:42  Pylon  
  61  5:46  Adept  
  63  5:51  Probe (Chrono Boost)  
  63  5:52  Probe (Chrono Boost)  
  65  6:02  Probe x2 (Chrono Boost)  
  67  6:05  Stalker x2  
  67  6:11  Colossus  
  75  6:20  Pylon  
  75  6:23  Probe (Chrono Boost)  
  76  6:32  Probe (Chrono Boost)  
  77  6:33  Stalker x2  
  77  6:34  Stalker  
  77  6:38  Pylon  
  83  6:41  Extended Thermal Lance  
  83  6:44  Pylon  
  83  6:59  Colossus  
  83  7:02  Forge, Twilight Council  
  89  7:17  Adept  
  89  7:18  Adept x2  
  95  7:23  Protoss Ground Armor Level 1  
  95  7:26  Pylon  
  95  7:39  Blink  
  95  7:43  Gateway  
  95  7:44  Adept x3  
  97  7:55  Colossus  
  95  8:05  Adept  
  95  8:06  Stalker x2  
  101  8:25  Probe x2 (Chrono Boost)  
  103  8:29  Stalker x2  
  107  8:44  Adept x2  
  107  8:46  Pylon  
  107  8:47  Pylon  
  110  8:53  Nexus  
  110  8:56  Pylon  
  110  8:57  Colossus  
  110  9:06  Probe (Chrono Boost)  
  117  9:32  Adept  
  117  9:33  Adept x3  
  80  9:53  Stalker x3  
Show
View Real Time Build Order
Export as new Build Order

Maru Terran - Winner!

Build Orders: Cyclone Opening, MMM Bio 

Get SALT Encoding   

  12  0:00  SCV  
  13  0:12  SCV  
  14  0:18  Supply Depot  
  14  0:24  SCV  
  15  0:39  SCV  
  15  0:41  Barracks  
  16  0:47  Refinery  
  16  0:52  SCV  
  17  0:57  Refinery  
  17  1:04  SCV  
  18  1:16  SCV  
  19  1:28  Orbital Command, Reaper  
  20  1:38  Supply Depot  
  20  1:55  SCV, Factory  
  21  2:07  SCV  
  22  2:19  SCV  
  23  2:31  SCV  
  24  2:40  Command Center  
  24  2:41  Cyclone  
  24  2:43  SCV  
  28  2:52  Starport  
  28  2:56  SCV  
  29  3:00  Supply Depot  
  29  3:15  Cyclone  
  31  3:22  Barracks, SCV  
  32  3:28  Medivac  
  34  3:34  SCV  
  35  3:41  Liberator  
  35  3:46  SCV  
  35  3:48  Cyclone  
  39  3:53  Orbital Command  
  39  3:58  SCV  
  43  4:09  Barracks Tech Lab  
  43  4:10  SCV  
  43  4:13  Barracks  
  44  4:22  Barracks, SCV  
  45  4:29  SCV  
  46  4:31  Cyclone  
  46  4:34  Stimpack  
  46  4:38  SCV  
  47  4:40  Orbital Command  
  47  4:47  Starport Reactor  
  47  4:53  SCV  
  47  4:55  Engineering Bay  
  47  4:56  Supply Depot  
  48  5:05  SCV  
  49  5:08  SCV  
  49  5:12  Factory Reactor  
  50  5:17  SCV  
  50  5:20  SCV  
  52  5:25  Barracks Tech Lab  
  52  5:29  SCV  
  52  5:31  Starport Reactor  
  52  5:32  SCV  
  52  5:33  Marine x2  
  52  5:34  Marauder  
  55  5:36  Refinery  
  55  5:38  Supply Depot  
  55  5:40  Terran Infantry Weapons Level 1  
  55  5:41  SCV  
  56  5:44  SCV  
  56  5:46  Marauder  
  56  5:49  Supply Depot  
  59  5:51  Marine x2  
  59  5:54  SCV  
  62  6:00  Marauder, SCV  
  65  6:07  SCV  
  65  6:09  Barracks  
  65  6:10  Barracks  
  66  6:13  SCV  
  66  6:16  Supply Depot  
  66  6:17  Marine x2, Combat Shields  
  66  6:18  Marauder  
  71  6:22  Marauder  
  71  6:24  SCV  
  71  6:25  Supply Depot  
  74  6:27  Refinery, Medivac  
  74  6:32  SCV  
  77  6:35  Concussive Shells, Supply Depot  
  77  6:37  SCV  
  77  6:38  Supply Depot  
  78  6:44  Marauder x2  
  82  6:47  Marine x2  
  84  6:55  Medivac  
  84  6:56  Barracks Reactor  
  84  6:57  Barracks Tech Lab  
  86  7:06  Marauder  
  86  7:07  Marauder  
  86  7:08  Marine  
  91  7:09  Marine  
  91  7:13  Widow Mine x2  
  96  7:18  Marauder  
  98  7:25  Marine, Supply Depot  
  98  7:27  Supply Depot  
  98  7:28  Marauder  
  98  7:29  Marine, Medivac  
  104  7:47  Marine x2  
  104  7:48  Marauder x2  
  110  7:56  SCV  
  103  8:00  Command Center  
  103  8:02  Marine x2, Marauder  
  104  8:17  Marine x2  
  104  8:18  Marauder x2  
  110  8:22  Marine  
  110  8:23  Marine  
  110  8:24  Marauder, Widow Mine  
  110  8:25  Medivac x2, Widow Mine  
  121  8:30  Supply Depot  
  121  8:35  Marine x2  
  123  8:43  Marine x2  
  125  8:49  Missile Turret  
  125  8:51  Missile Turret  
  125  8:52  Marauder  
  125  8:54  SCV x2  
  129  9:02  Marine x2  
  129  9:03  Marine, Marauder  
  134  9:11  SCV, Medivac x2  
  134  9:12  Marauder  
  134  9:15  Orbital Command  
  141  9:20  Marine x3  
  144  9:30  SCV x2  
  144  9:31  Supply Depot  
  146  9:37  Marine  
  149  9:42  SCV  
Tags
 
Add a new tag
Caveats
  • Supply blocks, unpowered buildings, or Contaminate may cause inaccurate times.
  • Supply counts are checked every 10 seconds.